 Dungeon Sprint DCSS version 0.28-a0-519-gbfeecf2fc5 (webtiles) character file.

Game seed: 17250146875972454657

0 dduke234 the Skirmisher (level 1, -8/20 HPs)
             Began as a Minotaur Fighter on Sept 23, 2021.
             Mangled by an ogre (26 damage)
             ... in the Dungeon (Sprint VI: "Thunderdome").
             The game lasted 00:00:11 (33 turns).

dduke234 the Skirmisher (Minotaur Fighter)            Turns: 33, Time: 00:00:11

Health: -8/20      AC:  7    Str: 20    XL:     1   Next: 33%
Magic:  0/0        EV:  9    Int:  5    God:
Gold:   200        SH:  4    Dex:  9    Spells: 0/0 levels left

rFire   . . .      SeeInvis .   a - +0 long sword
rCold   . . .      Faith    .   c - +0 buckler
rNeg    . . .      Spirit   .   b - +0 scale mail
rPois   .          Reflect  .   (helmet restricted)
rElec   .          Harm     .   (no cloak)
rCorr   .          Rampage  .   (no gloves)
Will    .....      NoTele   +   (no boots)
Stlth   ..........              (no amulet)
HPRegen 0.06/turn               (no ring)
MPRegen 0.07/turn               (no ring)

@: no status effects
A: horns 2, retaliatory headbutt
a: no special abilities


You were in the Dungeon.
You visited 1 branch You collected 200 gold pieces.

Inventory:

Hand Weapons
 a - a +0 long sword (weapon)
Armour
 b - a +0 scale mail (worn)
 c - a +0 buckler (worn)
Wands
 l - a wand of acid (5)
 m - a wand of iceblast (5)
Scrolls
 j - 4 scrolls of blinking
 n - 3 scrolls of fog
Potions
 d - a potion of might
 e - a potion of curing
 f - 4 potions of heal wounds
 g - 4 potions of haste
 h - 2 potions of magic
 i - a potion of berserk rage
 k - a potion of resistance


   Skills:
 + Level 4.1 Fighting
 + Level 2.6 Long Blades
 + Level 4.1 Armour
 + Level 4.0 Shields


You couldn't memorise any spells.
You didn't know any spells.
Your spell library was empty.

Dungeon Overview and Level Annotations

Branches:
Dungeon (1/1)

Altars:
Gozag
Qazlal
Ru
Trog
Vehumet
Jiyva
Lugonu

Shops:
D *[?


Innate Abilities, Weirdness & Mutations

You have a pair of horns on your head.
You reflexively headbutt those who attack you in melee.


Message History

Welcome, dduke234 the Minotaur Fighter.
Press ? for a list of commands and other information.
Found 200 gold pieces.
Found a staircase leading out of the dungeon.
You now have 200 gold pieces.
k - a potion of resistance;
l - a wand of acid (5);
m - a wand of iceblast (5)
g - 4 potions of haste (gained 3);
f - 4 potions of heal wounds (gained 3)
n - 3 scrolls of fog;
j - 4 scrolls of blinking (gained 3)
There is a staircase leading out of the dungeon here.
Found a corrupted altar of Lugonu and a radiant altar of Vehumet.
Found an opulent altar of Gozag and a stormy altar of Qazlal.
Get ready!
Found a viscous altar of Jiyva and a bloodstained altar of Trog.
Found Woexoan's Identification Station.
Found a sacrificial altar of Ru.
ROUND 1!
FIGHT!
Found Puzuof's Advanced Armour and Ruzateb's Jewellery.
A dart slug comes into view.
The dart slug launches a dart at you.
The slug dart hits you but does no damage.
The dart slug launches a dart at you. The slug dart hits you.
The dart slug launches a dart at you.
The slug dart hits you but does no damage.
You block the dart slug's attack.
You hit the dart slug but do no damage. You slash the dart slug!
You headbutt the dart slug.
You kill the dart slug!
Your Fighting skill increases to level 4!
Your Armour skill increases to level 4!
Your Shields skill increases to level 4!
You see here a dart slug corpse.
You see here a dart slug corpse.
An ogre comes into view. It is wielding a +0 giant club.
The ogre shouts!
There is an entrance to Ruzateb's Jewellery here.
There is an entrance to Ruzateb's Jewellery here.
The ogre hits you with a +0 giant club!!
Ouch! That really hurt!
You die...

###... .# #⌠.... ...
######.8.... ..8
##.__.......# ....
###O@.......8. .8..
##.............###..
#⌠..........# #...#
#§..........# #.<.#
#⌠..........###...#
##.....†.......###....
###∩........8.# .8..
##∩___......# ...
######.8...... ..8


You could see an ogre.

Vanquished Creatures
  A dart slug (D)
1 creature vanquished.

Notes
Turn   | Place    | Note
-------+----------+-------------------------------------------
     0 | D        | dduke234 the Minotaur Fighter began the quest for the Orb.
     0 | D        | Reached XP level 1. HP: 19/19 MP: 0/0
     2 | D        | Found a corrupted altar of Lugonu.
     2 | D        | Found a radiant altar of Vehumet.
     3 | D        | Found an opulent altar of Gozag.
     3 | D        | Found a stormy altar of Qazlal.
     4 | D        | Found a viscous altar of Jiyva.
     4 | D        | Found a bloodstained altar of Trog.
     5 | D        | Found Woexoan's Identification Station.
     5 | D        | Found a sacrificial altar of Ru.
     5 | D        | Round 1.
     6 | D        | Found Puzuof's Advanced Armour.
     6 | D        | Found Ruzateb's Jewellery.
    29 | D        | Noticed an ogre
    33 | D        | Mangled by an ogre

Illustrated notes

Levels and vault maps discovered:
D:        arena_sprint

Skill      XL: |  1 |
---------------+----+-----
Fighting       | 4 |  4.1
Armour         | 4 |  4.1
Shields        | 4 |  4.0
Long Blades    | |  2.6

Action                   || total
-------------------------++-------
Melee: Long sword        ||     2
       Headbutt          ||     1
Armor: Scale mail        ||     2
Block: Buckler           ||     1

Table legend: (Time is in decaauts)
 A = Elapsed time spent in this place.
 B = Non-inter-level travel time spent in this place.
 C = Inter-level travel time spent in this place.
 D = Time resting spent in this place.
 E = Time spent auto-exploring this place.
 F = Levels seen in this place.
 G = Mean time per level.
                   A        B        C        D        E       F      G
               +--------+--------+--------+--------+--------+-----+--------+
         Total |     33 |     31 |      2 |      0 |      0 |   1 |   33.0 |
       Dungeon |     33 |     31 |      2 |      0 |      0 |   1 |   33.0 |
               +--------+--------+--------+--------+--------+-----+--------+

Top non-repeatable levels by time:
       D: 33 daAuts
